 Dungeon Crawl Stone Soup version 0.31-a0-845-g9abc20d24f (webtiles) character file.

Game seed: 9094665966305325473

147 arglypuff the Ducker (level 5, -5/37 HPs)
             Began as a Djinni Hedge Wizard on Oct 1, 2023.
             Slain by a gnoll
             ... wielding a +0 flail
              (8 damage)
             ... on level 3 of the Dungeon.
             The game lasted 00:04:08 (2095 turns).

arglypuff the Ducker (Djinni Hedge Wizard)          Turns: 2095, Time: 00:04:09

Health: -5/37      AC:  2    Str:  9    XL:     5   Next: 54%
Gold:   96         EV: 13    Int: 17    God:
                   SH:  0    Dex: 13

rFire   + + .        a - +0 dagger
rCold   x . .        (no shield)
rNeg    . . .        b - +0 robe
rPois   ∞            c - +0 hat
rElec   .            (no cloak)
rCorr   .            (no gloves)
SInv    +            (boots unavailable)
Will    .....        (no amulet)
Stlth   ++           o - ring of see invisible
HPRegen 0.26/turn    (no ring)
MPRegen 0.00/turn

%: infuse magic (-6 HP)
@: flying
A: sickness immunity, fire resistance 2, cold vulnerability 1, float, innate
caster, HP casting, extra vitality 1
a: no special abilities


You were on level 3 of the Dungeon.
You visited 1 branch of the dungeon, and saw 4 of its levels.

You collected 96 gold pieces.

Inventory:

Hand Weapons
 a - a +0 dagger (weapon)
Missiles
 f - a throwing net
Armour
 b - a +0 robe (worn)
 c - a +0 hat (worn)
 n - the +1 cloak "Tedi" {Rampage rN+ Will- Dex+5}
   (You found it on level 3 of the Dungeon)

   Dex+5:     It affects your dexterity (+5).
   rN+:       It protects you from negative energy.
   Will-:     It decreases your willpower.
   Rampage:   It bestows one free step when moving towards enemies.
Jewellery
 l - a ring of fire
 o - a ring of see invisible (left hand)
Scrolls
 g - 2 scrolls of enchant weapon {unknown}
 h - a scroll of fog {unknown}
 j - 3 scrolls of identify {unknown}
Potions
 e - 3 potions of curing {unknown}
 k - a potion of haste {unknown}
 m - a potion of attraction {unknown}
 p - a potion of heal wounds {unknown}


   Skills:
 + Level 1.0 Fighting
 + Level 4.2 Dodging
 + Level 3.1 Stealth
 + Level 3.1 Spellcasting
 + Level 3.1 Conjurations
 + Level 3.1 Hexes
 + Level 3.1 Summonings
 + Level 3.1 Necromancy
 + Level 3.1 Translocations
 + Level 3.1 Transmutations
 + Level 3.1 Fire Magic
 + Level 3.1 Ice Magic
 + Level 3.1 Air Magic
 + Level 3.1 Earth Magic
 + Level 3.1 Poison Magic


You knew the following spells:

 Your Spells              Type           Power      Damage    Failure   Level
a - Magic Dart            Conj           52%        1d5       4%          1
b - Slow                  Hex            52%        N/A       4%          1
c - Blink                 Tloc           26%        N/A       8%          2
d - Call Imp              Summ           26%        N/A       8%          2
e - Mephitic Cloud        Conj/Pois/Air  13%        N/A       14%         3
f - Apportation           Tloc           26%        N/A       4%          1
g - Ensorcelled Hibernat  Hex/Ice        26%        N/A       8%          2
Your spell library was empty.

Dungeon Overview and Level Annotations

Branches:
Dungeon (4/15)
 Temple: D:4-7

Altars:

Shops:
D:2 =


Innate Abilities, Weirdness & Mutations

You are immune to sickness and miasma.
You are immune to poison.
Your flesh is very heat resistant. (rF++)
You are vulnerable to cold. (rC-)
You float through the air rather than walking.
You learn spells naturally, not from books.
Your magical power is your life essence.
You have superior vitality. (+4 MHP)


Message History

* * * LOW HITPOINT WARNING * * *
The gnoll hits you with a +3 whip.
* * * LOW HITPOINT WARNING * * *
Your cerulean imp hits the gnoll but does no damage.
The gnoll hits your cerulean imp with a +3 whip!
Your cerulean imp hits the gnoll with a -3 spear.
The gnoll dies!
Your Fighting skill increases to level 1!
You start resting.
Your cerulean imp disappears in a puff of smoke!
HP restored.
There is a stone staircase leading down here.
You fly downwards.
There is a stone staircase leading up here.
Casting: Magic Dart (safe; 4% risk of failure)
Confirm with . or Enter, or press ? or * to list all spells.
A tiny devil pulls itself out of the air.
Something hits your cerulean imp.
The gnoll hits you from afar with a +0 halberd.
You swap places.
The gnoll hits you from afar with a +0 halberd!
The gnoll attacks as it pursues you! The gnoll barely misses you.
The gnoll attacks as it pursues you!
The gnoll hits you from afar with a +0 halberd!
* * * LOW HITPOINT WARNING * * *
There is a stone staircase leading up here.
The gnoll hits you with a +0 flail.
* * * LOW HITPOINT WARNING * * *
The gnoll barely misses you.
You fly upwards.
There is a stone staircase leading down here.
As you read the scroll labelled ECUXTU IHIX, it crumbles to dust.
A profound silence engulfs you.
It was a scroll of silence.
The gnoll attacks as it pursues you! The gnoll closely misses you.
It was a potion of cancellation.
Your magical effects are unravelling.
You feel magically purged.
Your hearing returns.
The gnoll hits you with a +0 flail!
You die...

#.........##.
####..#.##......
##########.....####....##
##.....#.....#..........#.
##.......)>.....#.....#.)..
#.................###......
#...............### ##.....
#.........g.<...# #....).
#.........@.....#####....#.
#...................>...##.
##.............####...#.##.
##...........#####..#.....
#...###..#####....##.....
#.(.#...## #...##......
#.....########...........
#....#####.......###.....
#....)...................


You could see a gnoll.

Vanquished Creatures
  A jelly (D:4)
  A gnoll (D:1)
  3 adders
  A worm (D:4)
  A dart slug (D:1)
  3 orcs (D:3)
  An endoplasm (D:2)
  A giant cockroach (D:3)
  A goblin (D:1)
  2 hobgoblins
  3 jackals (D:2)
  2 ball pythons (D:3)
  4 bats (D:3)
  6 kobolds
  4 rats
34 creatures vanquished.

Vanquished Creatures (collateral kills)
  A hound (D:3)
  A gnoll (D:3)
  An orc (D:3)
3 creatures vanquished.

Grand Total: 37 creatures vanquished

Notes
Turn   | Place    | Note
-------+----------+-------------------------------------------
     0 | D:1      | arglypuff the Djinni Hedge Wizard began the quest for the
                  | Orb.
     0 | D:1      | arglypuff set off with the following spells memorised:
                  | Magic Dart, Slow, Blink, Call Imp, Mephitic Cloud.
     0 | D:1      | Reached XP level 1. HP: 15/15 MP: 0/0
    23 | D:1      | Reached XP level 2. HP: 14/21 MP: 0/0
   464 | D:2      | Reached skill level 3 in Dodging
   464 | D:2      | Reached XP level 3. HP: 19/25 MP: 0/0
   464 | D:2      | Learned a level 1 spell: Apportation
   633 | D:2      | Found Vykhlic's Jewellery Emporium.
  1210 | D:3      | Reached XP level 4. HP: 26/31 MP: 0/0
  1380 | D:3      | Found a faded altar of an unknown god.
  1525 | D:3      | Identified the +1 cloak "Tedi" {Rampage rN+ Will- Dex+5}
  1575 | D:3      | Reached XP level 5. HP: 34/36 MP: 0/0
  1575 | D:3      | Learned a level 2 spell: Ensorcelled Hibernation
  1889 | D:4      | Reached skill level 4 in Dodging
  1944 | D:3      | HP: 1/36 [gnoll/+3 whip (4)]
  1946 | D:3      | Reached skill level 1 in Fighting
  2088 | D:4      | HP: 1/37 [gnoll/+0 flail (4)]
  2095 | D:3      | Slain by a gnoll

Illustrated notes

Levels and vault maps discovered:
D:1:      lordsloth_arrival_two_stooges, layout_rooms
D:2:      layout_loops_ring, serial_shops, nicolae_shop_tiny_waterfront,
          hex_large
D:3:      layout_rooms, dreamdust_ecumenical_altar_statues,
          kennysheep_generic_room_12
D:4:      layout_layer_cave, old_standard_altar, uniq_ijyb

Skill      XL: |  1  2  3  4  5 |
---------------+----------------+-----
Stealth        | 2 3 |  3.1
Dodging        | 3 4 |  4.2
Spellcasting   | 3 |  3.1
Conjurations   | 3 |  3.1
Hexes          | 3 |  3.1
Summonings     | 3 |  3.1
Necromancy     | 3 |  3.1
Translocations | 3 |  3.1
Transmutations | 3 |  3.1
Fire Magic     | 3 |  3.1
Ice Magic      | 3 |  3.1
Air Magic      | 3 |  3.1
Earth Magic    | 3 |  3.1
Poison Magic   | 3 |  3.1
Fighting       | 1 |  1.0

Action                     |  1- 3 |  4- 6 || total
---------------------------+-------+-------++-------
  Melee: Dagger            |     6 |     2 ||     8
   Cast: Magic Dart        |    57 |    71 ||   128
         Apportation       |       |     2 ||     2
         Call Imp          |       |     4 ||     4
    Use: Scroll            |       |     1 ||     1
         Potion            |       |     1 ||     1
 Armour: Robe              |    14 |    17 ||    31
  Dodge: Dodged            |    26 |    25 ||    51

Table legend: (Time is in decaauts)
 A = Elapsed time spent in this place.
 B = Non-inter-level travel time spent in this place.
 C = Inter-level travel time spent in this place.
 D = Time resting spent in this place.
 E = Time spent auto-exploring this place.
 F = Levels seen in this place.
 G = Mean time per level.
                   A        B        C        D        E       F      G
               +--------+--------+--------+--------+--------+-----+--------+
         Total |   2095 |   2043 |     52 |    212 |   1565 |   4 |  523.8 |
       Dungeon |   2095 |   2043 |     52 |    212 |   1565 |   4 |  523.8 |
               +--------+--------+--------+--------+--------+-----+--------+

Top non-repeatable levels by time:
     D:2: 764 daAuts
     D:3: 727 daAuts
     D:1: 438 daAuts
     D:4: 165 daAuts
